 Dungeon Crawl Stone Soup version 0.29-a0-1052-g6990b1bffc (webtiles) character file.

Game seed: 8051421866488166627

100 Rohain the Gusty (level 4, -1/24 HPs)
             Began as a Tengu Air Elementalist on Aug 17, 2022.
             Slain by an orc
             ... wielding a +0 flail
              (3 damage)
             ... on level 1 of the Dungeon.
             The game lasted 00:03:11 (2297 turns).

Rohain the Gusty (Tengu Air Elementalist)           Turns: 2297, Time: 00:03:12

Health: -1/24      AC:  2    Str:  9    XL:     4   Next: 73%
Magic:  8/9        EV: 12    Int: 17    God:
Gold:   49         SH:  0    Dex: 14    Spells: 5/8 levels left

rFire   . . .      SeeInvis .   b - +1 short sword (venom)
rCold   . . .      Faith    .   (no shield)
rNeg    . . .      Spirit   .   a - +0 robe
rPois   .          Reflect  .   (helmet restricted)
rElec   .          Harm     .   (no cloak)
rCorr   .          Rampage  .   (no gloves)
Will    .....                   (boots unavailable)
Stlth   ++........              (no amulet)
HPRegen 0.08/turn               (no ring)
MPRegen 0.11/turn               (no ring)

@: no status effects
A: beak, talons 3
a: no special abilities


You were on level 1 of the Dungeon.
You visited 1 branch of the dungeon, and saw 2 of its levels.

You collected 99 gold pieces.
You spent 50 gold pieces at shops.

Inventory:

Hand Weapons
 b - a +1 short sword of venom (weapon)
 e - a +3 dagger
Armour
 a - a +0 robe (worn)
Scrolls
 c - 2 scrolls of identify {unknown}
 d - 3 scrolls of teleportation {unknown}
 f - a scroll of fog {unknown}
 g - a scroll of noise {unknown}
 i - 2 scrolls of magic mapping {unknown}
Potions
 j - a potion of resistance {unknown}


   Skills:
 - Level 2.1 Dodging
 - Level 2.0 Stealth
 + Level 2.7 Spellcasting
 + Level 3.1 Conjurations
 * Level 5.7 Air Magic


You had 5 spell levels left.
You knew the following spells:

 Your Spells              Type           Power      Damage    Failure   Level
a - Shock                 Conj/Air       68%        1d7       3%          1
b - Static Discharge      Conj/Air       17%        3-6/arc   4%          2

Your spell library contained the following spells:

 Spells                   Type           Power      Damage    Failure   Level
 Swiftness                Air            21%        N/A       4%          3
 Airstrike                Air            10%        2d(2-18)  17%         4
 Freeze                   Ice            8%         1d3       19%         1
 Frozen Ramparts          Ice            4%         1d1       47%         3
 Hailstorm                Conj/Ice       7%         3d4       67%         4


Dungeon Overview and Level Annotations

Branches:
Dungeon (2/15)

Altars:

Shops:
D:1 !


Innate Abilities, Weirdness & Mutations

You have a beak for a mouth.
You have claws for feet.


Message History

The orc priest is poisoned.
You claw the orc priest.
The orc priest is almost dead.
You kill the orc priest!
Your Conjurations skill increases to level 3!
i - 2 scrolls labelled OXKORERPHOU (gained 1)
Things that are here:
a +0 short sword; a +0 leather armour You start resting.
HP restored.
You start resting.
Magic restored.
Things that are here:
a +0 short sword; a +0 leather armour
There is a stone staircase leading down here.
You climb downwards.
The orc hits you with a +0 flail! x2
There is a stone staircase leading up, spattered with blood here.
The orc closely misses you. The orc wizard closely misses you.
You climb upwards.
There is a stone staircase leading down here.
You feel much better.
The orc wizard hits you with a +0 dagger.
The orc hits you with a +0 flail.
You hit the orc wizard but do no damage.
The orc wizard is poisoned.
You peck the orc wizard, but do no damage.
The orc wizard closely misses you. The orc hits you with a +0 flail!
You hit the orc. Your peck misses the orc.
The orc is lightly wounded.
The orc wizard closely misses you. The orc hits you with a +0 flail.
* * * LOW HITPOINT WARNING * * *
Casting: Shock (safe; 3% risk of failure)
Confirm with . or Enter, or press ? or * to list all spells.
Aiming: Shock (safe; 3% risk of failure)
Press: ? - help, Shift-Dir - straight line The zap hits the orc.
The orc is heavily wounded.
The orc wizard hits you with a +0 dagger.
* * * LOW HITPOINT WARNING * * *
The orc hits you with a +0 flail.
You die...

#.# ########.#
#.####.[......#
###
#.........#####
..## ######.##.#
##.## #.##.#
..#.#########.##.#
#..........##.##.#
.....#####.##.##o#
.#...#.........o@#
.#............####
.#.###.###.####
...###.# #.#
.......# #.#
...##.## #.#
.#.##.# #.#
.#.##.# #.#
....#.####.#


You could see an orc wizard (very poisoned) and an orc.

Vanquished Creatures
  An orc priest (D:1)
  2 adders (D:2)
  4 dart slugs
  2 orcs (D:2)
  3 ball pythons (D:1)
  4 bats
  7 endoplasms
  4 giant cockroaches
  3 goblins (D:1)
  2 hobgoblins (D:1)
  A jackal (D:1)
  A quokka (D:1)
  3 kobolds
  4 rats
41 creatures vanquished.

Notes
Turn   | Place    | Note
-------+----------+-------------------------------------------
     0 | D:1      | Rohain the Tengu Air Elementalist began the quest for the
                  | Orb.
     0 | D:1      | Reached XP level 1. HP: 10/10 MP: 4/4
   131 | D:1      | Reached XP level 2. HP: 15/15 MP: 3/6
   467 | D:1      | Found Konnig's Distillery.
   571 | D:1      | Bought a potion of heal wounds for 50 gold pieces
   702 | D:1      | Reached XP level 3. HP: 19/19 MP: 4/7
   705 | D:1      | Learned a level 2 spell: Static Discharge
  1004 | D:1      | Reached skill level 5 in Air Magic
  1878 | D:2      | Reached XP level 4. HP: 24/24 MP: 4/8
  2297 | D:1      | Slain by an orc

Illustrated notes

Levels and vault maps discovered:
D:1:      saegor_arrival_fortress, layout_loops_ring, serial_shops,
          nicolae_shop_statue_plus, minmay_octomino_c4
D:2:      layout_basic, uniq_crazy_yiuf_cottage

Skill      XL: |  1  2  3  4 |
---------------+-------------+-----
Conjurations   | 2 3 |  3.1
Air Magic      | 5 |  5.7
Dodging        | |  2.1
Stealth        | |  2.0
Spellcasting   | |  2.7

Action                   |  1- 3 |  4- 6 || total
-------------------------+-------+-------++-------
Melee: Short sword       |     5 |     5 ||    10
       Kick              |     2 |     1 ||     3
       Peck              |     1 |     1 ||     2
 Cast: Shock             |    61 |    16 ||    77
  Use: Potion            |     1 |     2 ||     3
Armor: Robe              |     6 |     1 ||     7
Dodge: Dodged            |     5 |    11 ||    16

Table legend: (Time is in decaauts)
 A = Elapsed time spent in this place.
 B = Non-inter-level travel time spent in this place.
 C = Inter-level travel time spent in this place.
 D = Time resting spent in this place.
 E = Time spent auto-exploring this place.
 F = Levels seen in this place.
 G = Mean time per level.
                   A        B        C        D        E       F      G
               +--------+--------+--------+--------+--------+-----+--------+
         Total |   2299 |   2282 |     17 |    414 |   1619 |   2 | 1149.5 |
       Dungeon |   2299 |   2282 |     17 |    414 |   1619 |   2 | 1149.5 |
               +--------+--------+--------+--------+--------+-----+--------+

Top non-repeatable levels by time:
     D:1: 1838 daAuts
     D:2: 461 daAuts
